 Dungeon Crawl Stone Soup version 0.30.1-11-g7821555f0a (webtiles) character file.

Game seed: 3743465581775780003

5 Peloso the Trooper (level 1, 19/20 HPs)
             Began as a Minotaur Fighter on Dec 6, 2023.
             Got out of the dungeon alive.
             The game lasted 00:01:24 (118 turns).

Peloso the Trooper (Minotaur Fighter)                Turns: 118, Time: 00:01:24

Health: 19/20      AC:  7    Str: 20    XL:     1   Next: 66%
Magic:  0/0        EV:  9    Int:  5    God:
Gold:   22         SH:  4    Dex:  9    Spells: 0/0 levels left

rFire   . . .        a - +0 long sword
rCold   . . .        c - +0 buckler
rNeg    . . .        b - +0 scale mail
rPois   .            (helmet unavailable)
rElec   .            (no cloak)
rCorr   .            (no gloves)
SInv    .            (no boots)
Will    .....        (no amulet) Stlth
                     (no ring)
HPRegen 0.23/turn    (no ring)
MPRegen 0.07/turn

%: clarity
@: no status effects
A: horns 3, retaliatory headbutt, clarity, sense surroundings 1
a: no special abilities


You escaped.
You visited 1 branch of the dungeon, and saw 1 of its levels.

You collected 22 gold pieces.

Inventory:

Hand Weapons
 a - a +0 long sword (weapon)
Armour
 b - a +0 scale mail (worn)
 c - a +0 buckler (worn)
Potions
 d - a potion of might
 g - a potion of invisibility {unknown}


   Skills:
 + Level 3.8 Fighting
 + Level 2.4 Long Blades
 + Level 3.8 Armour
 + Level 3.8 Shields


You couldn't memorise any spells.
You didn't know any spells.
Your spell library was empty.

Dungeon Overview and Level Annotations

Branches:
Dungeon (1/15)

Altars:


Innate Abilities, Weirdness & Mutations

You have a pair of large horns on your head.
You reflexively headbutt those who attack you in melee.
You possess an exceptional clarity of mind.
You passively map a small area around you.


Message History

e - a potion of mutation The kobold hits you with a +0 dagger.
You closely miss the kobold. Your headbutt misses the kobold.
The kobold hits you but does no damage. The giant cockroach closely misses you.
You hit the kobold.
You kill the kobold!
The giant cockroach barely misses you. The giant cockroach barely misses you.
Things that are here:
a +0 dagger; 5 stones; a kobold corpse The giant cockroach barely misses you.
You hit the giant cockroach.
You kill the giant cockroach!
Really quaff the potion of mutation?
You feel extremely strange.
You feel weaker. x2; The horns on your head grow some more.
You feel a strange attunement to the structure of the dungeons.
Your thoughts seem clearer.
Unknown command.
A goblin comes into view. It is wielding a +0 club.
The goblin shouts!
You see here 6 gold pieces.
A ball python comes into view.
Found 4 stones.
The goblin hits you but does no damage. The goblin attacks as you move away!
The goblin hits you but does no damage. The goblin attacks as you move away!
The goblin closely misses you. The goblin attacks as you move away!
You block the goblin's attack.
There is a staircase leading out of the dungeon here.
Are you sure you want to leave the Dungeon?
This will make you lose the game! The goblin barely misses you.
The ball python bites you but does no damage.
The ball python grabs you.
You stop ascending the stairs.
The ball python constricts you.
Unknown command.
Unknown command.
Unknown command.
Unknown command.
Are you sure you want to leave the Dungeon?
This will make you lose the game!
You escape the ball python's grasp.
The goblin hits you but does no damage.
You have escaped!

#..........######....#.....>..#
#>.........# ####...###.####
#..........# ######......##
##.######.######.......##...#
##.# #(..# *.....###....#...#
#..# #.### #.# ##.####..# #.##
#.# ##.#### ##.# .## #.# #.#
###..S..# #..# * #.#
#.###....g@.####..# #.#
##.##...##....##.).# ,
..####.....#####........# ,
....##......# ##...#...# *
.....$..##...# #...###......
..!..##..##.......## ###..#..
..#.####..#.....### .## .##.#
#S##...## ## ....., ,..#...#* *


You could see a goblin and a ball python.

Vanquished Creatures
  A giant cockroach (D:1)
  A hobgoblin (D:1)
  2 kobolds (D:1)
  A rat (D:1)
5 creatures vanquished.

Notes
Turn   | Place    | Note
-------+----------+-------------------------------------------
     0 | D:1      | Peloso the Minotaur Fighter began the quest for the Orb.
     0 | D:1      | Reached XP level 1. HP: 19/19 MP: 0/0
    58 | D:1      | Gained mutation: Your muscles are strong. (Str +4, Int/Dex
                  | -1) [potion of mutation]
    58 | D:1      | Gained mutation: Your muscles are very strong. (Str +8,
                  | Int/Dex -2) [potion of mutation]
    95 | D:1      | Lost mutation: Your muscles are very strong. (Str +8,
                  | Int/Dex -2) [potion of mutation]
    95 | D:1      | Lost mutation: Your muscles are strong. (Str +4, Int/Dex
                  | -1) [potion of mutation]
    95 | D:1      | Gained mutation: You have a pair of large horns on your
                  | head. [potion of mutation]
    95 | D:1      | Gained mutation: You passively map a small area around you.
                  | [potion of mutation]
    95 | D:1      | Gained mutation: You possess an exceptional clarity of
                  | mind. [potion of mutation]
   118 | D:$      | Got out of the dungeon alive.

Illustrated notes

Levels and vault maps discovered:
D:1:      dpeg_arrival_arbitrary_b, layout_rooms

Action                     || total
---------------------------++-------
  Melee: Long sword        ||     9
         Headbutt          ||     1
    Use: Potion            ||     3
 Armour: Scale mail        ||     8
  Dodge: Dodged            ||     7
  Block: Buckler           ||     2
